 Dungeon Crawl Stone Soup version 0.26-a0-613-g4f23886233 (webtiles) character file.

Game seed: 5274905314193964017

4209 Colgate the Agent of Entropy (level 10, 0/86 HPs)
             Began as a Palentonga Abyssal Knight on Sept 11, 2020.
             Was a Priest of Lugonu.
             Slain by a killer bee (7 damage)
             ... on level 7 of the Dungeon.
             The game lasted 01:32:02 (9391 turns).

Colgate the Agent of Entropy (PaAK)                 Turns: 9391, Time: 01:32:03

Health: 0/86       AC:  8    Str: 14 (16) XL:     10   Next: 8%
Magic:  0/16       EV: 12    Int: 10 (13) God:    Lugonu [***...]
Gold:   299        SH:  0    Dex:  9 (12) Spells: 9/9 levels left

rFire    + . .     SeeInvis +   G - +1 dire flail (holy)
rCold    + . .     Faith    .   (shield currently unavailable)
rNeg     . . .     Spirit   +   A - +1 ring mail {rPois}
rPois    +         Reflect  .   D - +0 helmet
rElec    .         Harm     .   y - scarf {rC+ rF+}
rCorr    .                      (no gloves)
MR       .....                  (no barding)
Stlth    ..........             q - amulet of guardian spirit
HPRegen  0.24/turn              x - +4 ring of evasion
MPRegen  0.15/turn              (no ring)

@: mighty
A: large, rugged brown scales 3, see invisible, deformed body, roll, armoured
tail
a: Rolling Charge, Depart the Abyss, Bend Space, Banish, Renounce Religion


You were on level 7 of the Dungeon.
You worshipped Lugonu.
Lugonu was most pleased with you.
You visited 1 branch of the dungeon, and saw 7 of its levels.
You visited the Abyss 1 time.

You collected 299 gold pieces.

Inventory:

Hand Weapons
 w - a +3 war axe
 G - a +1 dire flail of holy wrath (weapon)
 K - a +0 morningstar
Missiles
 a - 16 poisoned darts (quivered)
 d - 270 stones
 H - 6 boomerangs
Armour
 t - a +0 chain mail
 u - a +0 robe
 v - a +0 plate armour
 y - a scarf of resistance (worn)
 z - a +0 cloak
 A - a +1 ring mail of poison resistance (worn)
 D - a +0 helmet (worn)
Jewellery
 q - an amulet of guardian spirit (around neck)
 x - a +4 ring of evasion (left hand)
Wands
 F - a wand of flame (14)
 I - a wand of digging (1)
 M - a wand of enslavement (8)
Scrolls
 b - 2 scrolls of fear {unknown}
 f - 3 scrolls of remove curse
 g - 2 scrolls of magic mapping {unknown}
 h - 3 scrolls of blinking {unknown}
 i - a scroll of amnesia {unknown}
 l - 4 scrolls of enchant armour {unknown}
 p - 7 scrolls of identify {unknown}
 r - 2 scrolls of teleportation {unknown}
 s - 2 scrolls of noise {unknown}
 C - 2 scrolls of random uselessness {unknown}
 L - a scroll of silence {unknown}
Potions
 c - a potion of ambrosia {unknown}
 e - a potion of might
 j - 2 potions of flight {unknown}
 k - 2 potions of degeneration
 m - a potion of haste {unknown}
 n - a potion of heal wounds {unknown}
 o - 5 potions of curing
 B - 2 potions of mutation {unknown}
 E - a potion of cancellation {unknown}
 J - a potion of stabbing {unknown}


   Skills:
 - Level 5.0 Fighting
   Level 2.8 Short Blades
 - Level 7.4(8.8) Axes
 - Level 7.3(8.7) Maces & Flails
 + Level 1.5 Throwing
 - Level 3.1 Armour
 - Level 1.0 Dodging
 - Level 9.1 Invocations


You had 9 spell levels left.
You didn't know any spells.
Your spell library contained the following spells:

 Spells                   Type           Power        Failure   Level
 Corona                   Hex            #......      58%         1
 Ensorcelled Hibernation  Hex/Ice        #.....       75%         2
 Confusing Touch          Hex            #.......     92%         3
 Dazzling Flash           Conj/Hex       #.....       92%         3
 Tukima's Dance           Hex            #.......     92%         3


Dungeon Overview and Level Annotations

Branches:
Dungeon (7/15)             Temple (0/1) D:7

Altars:
Ru
Zin
The Shining One

Annotations:
Abyss:1 Grinder, Joseph, Pikel, Sigmund


Innate Abilities, Weirdness & Mutations

You are completely covered in rugged brown scales. (AC +3, +7% HP)
You have supernaturally acute eyesight. (SInv)
Armour fits poorly on your strangely shaped body.
You can roll at foes to attack.
You have a long armoured tail.


Message History

You feel very mighty all of a sudden.
The killer bee stings you but does no damage. x2
The killer bee closely misses you. x2
Space bends around you!
You blink.
You see here a ring mail.
Okay, then.
Okay, then.
Roll where?
Press: ? - help, Dir - move target cursor, f - killer bee, p - killer bee
Aim: a killer bee (lightly wounded)
You roll forward with a clatter of scales!
You miss the killer bee.
The killer bee is lightly wounded.
The killer bee stings you but does no damage.
The killer bee stings you.
* * * LOW HITPOINT WARNING * * *
You completely miss the killer bee.
The killer bee is lightly wounded.
The killer bee stings you!
You die...

#####+######
#......!...###.
#..............
#..........##
#......○[..#
#.....@....+ ###
#....y.....# #.#
#(.O[......#
#.###..y.......#
#Z..Z..(..)....+
#§###..........####
#..†........#...$..
###########.##.....
#...........Z.


You could see an ogre, 2 killer bees and a leopard gecko zombie.

Vanquished Creatures
  The ghost of kuzmorgo the Fighter, a novice GnWn of Ashenzari (D:6)
  The ghost of paps the Covert, a novice OpGl of Kikubaaqudgha (D:6)
  Eustachio (D:6)
  An ice beast (D:5)
  3 orc warriors
  An ogre (D:6)
  2 phantoms
  A sky beast (D:6)
  3 centaurs
  A bullfrog (D:7)
  Dowan (D:5)
  A scorpion (D:7)
  2 killer bees (D:7)
  A crimson imp (D:6)
  A centaur zombie (D:5)
  2 bullfrog zombies
  A hound (D:5)
  A centaur skeleton (D:7)
  An orc priest (D:7)
  Terence (D:3)
  8 orc wizards
  Robin (D:4)
  5 gnolls
  7 adders
  3 ufetubi (D:6)
  An adder skeleton (D:2)
  2 worms
  3 dart slugs
  7 leopard geckos
  31 orcs
  A ball python (D:1)
  5 giant cockroaches
  13 goblins
  8 hobgoblins
  10 jackals
  A quokka (D:7)
  12 bats
  4 frilled lizards
  A goblin skeleton (D:6)
  3 hobgoblin zombies (D:6)
  7 kobolds
  A kobold zombie (D:6)
  An orc skeleton (D:6)
  3 orc zombies (D:6)
  2 quokka skeletons
  7 rats
174 creatures vanquished.

Vanquished Creatures (others)
  Duvessa (D:5)
  A killer bee (D:7)
2 creatures vanquished.

Grand Total: 176 creatures vanquished

Notes
Turn   | Place    | Note
-------+----------+-------------------------------------------
     0 | Abyss:1  | Colgate the Palentonga Abyssal Knight began the quest for
                  | the Orb.
     0 | Abyss:1  | Reached XP level 1. HP: 20/20 MP: 2/2
     0 | Abyss:1  | Found a corrupted altar of Lugonu.
    12 | D:1      | Escaped the Abyss
   204 | D:1      | Reached XP level 2. HP: 27/27 MP: 3/3
   523 | D:1      | Reached XP level 3. HP: 27/35 MP: 4/4
   973 | D:2      | Reached ** piety under Lugonu
  1337 | D:2      | Reached XP level 4. HP: 34/43 MP: 5/5
  1472 | D:2      | Reached skill level 5 in Fighting
  1780 | D:2      | Found a sacrificial altar of Ru.
  2740 | D:3      | Reached skill level 1 in Dodging
  3309 | D:3      | Noticed Terence
  3318 | D:3      | Killed Terence
  3318 | D:3      | Reached skill level 1 in Axes
  3318 | D:3      | Reached XP level 5. HP: 42/51 MP: 1/6
  3857 | D:4      | Noticed Robin
  3956 | D:5      | Entered Level 5 of the Dungeon
  4208 | D:4      | Reached XP level 6. HP: 55/59 MP: 5/7
  4348 | D:4      | Reached *** piety under Lugonu
  4352 | D:4      | Killed Robin
  5234 | D:5      | Noticed Pikel
  5483 | D:5      | Noticed Sigmund
  5488 | D:5      | Banished Sigmund
  5488 | D:5      | Reached skill level 5 in Axes
  5488 | D:5      | Reached XP level 7. HP: 65/65 MP: 8/8
  5773 | D:5      | Noticed Grinder
  5776 | D:5      | Banished Grinder
  5936 | D:5      | Banished Pikel
  5936 | D:5      | Reached skill level 6 in Invocations
  5936 | D:5      | Reached XP level 8. HP: 67/72 MP: 4/12
  5993 | D:5      | Noticed Dowan
  5993 | D:5      | Noticed Duvessa
  6007 | D:5      | Killed Duvessa
  6010 | D:5      | Killed Dowan
  6010 | D:5      | Reached skill level 7 in Invocations
  6180 | D:5      | Found a glowing silver altar of Zin.
  6737 | D:6      | Reached skill level 8 in Invocations
  7142 | D:6      | Found a glowing golden altar of the Shining One.
  7160 | D:6      | Reached XP level 9. HP: 72/79 MP: 11/15
  7260 | D:6      | Found a runed translucent gate.
  7261 | D:6      | Found a runed translucent gate.
  7262 | D:6      | Found a runed translucent gate.
  7262 | D:6      | Noticed kuzmorgo's ghost (novice GnWn)
  7262 | D:6      | Noticed paps's ghost (novice OpGl)
  7402 | D:6      | Reached skill level 9 in Invocations
  7604 | D:6      | Reached skill level 1 in Maces & Flails
  7896 | D:6      | Noticed Eustachio
  7920 | D:6      | Killed Eustachio
  8323 | D:6      | Killed kuzmorgo's ghost
  8323 | D:6      | Reached skill level 5 in Maces & Flails
  8328 | D:6      | Killed paps's ghost
  8783 | D:7      | Found a staircase to the Ecumenical Temple.
  9036 | D:7      | Noticed Joseph
  9038 | D:7      | Banished Joseph
  9038 | D:7      | Reached XP level 10. HP: 72/86 MP: 14/16
  9347 | D:7      | Reached skill level 1 in Throwing
  9391 | D:7      | Slain by a killer bee

Illustrated notes

Levels and vault maps discovered:
D:1:      scummos_arrival_star, layout_basic
D:2:      layout_loops_ring, hex_tiny, nicolae_ru_sacrificial_ziggurat
D:3:      layout_basic, uniq_terence
D:4:      layout_basic, uniq_robin
D:5:      layout_loops_ring, nicolae_overflow_crystal_walls, uniq_pikel,
          uniq_grinder, uniq_sigmund, uniq_duvessa
D:6:      layout_basic, gammafunk_ghost_cemetery, nicolae_tso_besieged_by_evil,
          uniq_eustachio
D:7:      layout_basic, minmay_temple_entry_glassed_door, uniq_joseph

Skill      XL: |  1  2  3  4  5  6  7  8  9 10 |
---------------+-------------------------------+-----
Fighting       | 4 5 |  5.0
Dodging        | 1 |  1.0
Axes           | 1 3 5 7 |  7.4
Invocations    | 6 8 9 |  9.1
Maces & Flails | 7 |  7.3
Armour         | 3 |  3.1
Throwing       | 1 |  1.5
Short Blades   | |  2.8

Action                   |  1- 3 |  4- 6 |  7- 9 | 10-12 || total
-------------------------+-------+-------+-------+-------++-------
Melee: Short sword       |    91 |    71 |       |       ||   162
       Tailslap          |    10 |    12 |    19 |     4 ||    45
       War axe           |       |   115 |    80 |     6 ||   201
       Dire flail        |       |       |   114 |    35 ||   149
Throw: Stone             |    22 |    24 |     3 |       ||    49
       Dart              |       |    10 |    27 |     4 ||    41
       Boomerang         |       |       |     5 |       ||     5
Invok: Bend Space        |     1 |    36 |    71 |    14 ||   122
       Banish            |       |       |     5 |     1 ||     6
 Abil: Rolling Charge    |    33 |    85 |   102 |    13 ||   233
Evoke: Wand              |       |       |       |     1 ||     1
  Use: Scroll            |       |     1 |       |       ||     1
       Potion            |       |       |       |     4 ||     4
 Stab: Sleeping          |       |     1 |       |       ||     1
Armor: Leather armour    |    40 |     4 |       |       ||    44
       Robe              |       |    47 |       |       ||    47
       Ring mail         |       |    40 |    66 |    24 ||   130
Dodge: Dodged            |    49 |   109 |   136 |    39 ||   333

Table legend: (Time is in decaauts)
 A = Elapsed time spent in this place.
 B = Non-inter-level travel time spent in this place.
 C = Inter-level travel time spent in this place.
 D = Time resting spent in this place.
 E = Time spent auto-exploring this place.
 F = Levels seen in this place.
 G = Mean time per level.
                   A        B        C        D        E       F      G
               +--------+--------+--------+--------+--------+-----+--------+
         Total |   9451 |   9084 |    367 |      0 |   7229 |   8 | 1181.4 |
       Dungeon |   9439 |   9072 |    367 |      0 |   7222 |   7 | 1348.4 |
         Abyss |     12 |     12 |      0 |      0 |      7 |   1 |   12.0 |
               +--------+--------+--------+--------+--------+-----+--------+

Top non-repeatable levels by time:
     D:6: 2084 daAuts
     D:3: 1682 daAuts
     D:5: 1617 daAuts
     D:2: 1245 daAuts
     D:4: 1154 daAuts
     D:1: 940 daAuts
     D:7: 714 daAuts
 Abyss:1: 12 daAuts
